 Dungeon Crawl Stone Soup version 0.30.0-29-ga12c61a403 (webtiles) character file.

Game seed: 5799657907765591824

65 Josd the Covered (level 3, -1/33 HPs)
             Began as an Armataur Fighter on June 5, 2023.
             Killed by nerve-wracking pain
             ... invoked by Grinder
              (9 damage)
             ... on level 2 of the Dungeon.
             The game lasted 00:03:33 (1879 turns).

Josd the Covered (Armataur Fighter)                 Turns: 1879, Time: 00:03:35

Health: -1/33      AC:  8    Str: 23    XL:     3   Next: 92%
Magic:  3/3        EV:  7    Int:  8    God:
Gold:   73         SH:  4    Dex:  9    Spells: 2/2 levels left

rFire   . . .        a - +0 flail
rCold   . . .        c - +0 buckler
rNeg    . . .        b - +0 scale mail
rPois   .            (no helmet)
rElec   .            f - +0 cloak
rCorr   .            (no gloves)
SInv    .            (no barding)
Will    .....        (no amulet) Stlth
                     (no ring)
HPRegen 0.25/turn    (no ring)
MPRegen 0.08/turn

%: roll
@: mighty
A: large, rugged brown scales 3, deformed body, armoured tail, roll, long
tongue, awkward tongue
a: no special abilities


You were on level 2 of the Dungeon.
You visited 1 branch of the dungeon, and saw 3 of its levels.

You collected 73 gold pieces.

Inventory:

Hand Weapons
 a - a +0 flail (weapon)
Missiles
 q - 4 silver javelins (quivered)
Armour
 b - a +0 scale mail (worn)
 c - a +0 buckler (worn)
 f - a +0 cloak (worn)
Scrolls
 h - 2 scrolls of enchant armour {unknown}
 k - 2 scrolls of torment {unknown}
 l - a scroll of noise {unknown}
 p - a scroll of amnesia {unknown}
 r - a scroll of enchant weapon {unknown}
Potions
 e - a potion of haste {unknown}
 g - a potion of magic {unknown}
 i - a potion of degeneration {unknown}
 j - 2 potions of invisibility {unknown}
 m - 2 potions of curing {unknown}
 n - 2 potions of cancellation {unknown}
 o - a potion of resistance {unknown}
 s - a potion of attraction {unknown}
 t - a potion of mutation {unknown}


   Skills:
 + Level 3.0 Fighting
 + Level 2.9 Maces & Flails
 + Level 4.3 Armour
 + Level 3.6 Shields


You had 2 spell levels left.
You didn't know any spells.
Your spell library was empty.

Dungeon Overview and Level Annotations

Branches:
Dungeon (3/15)

Altars:

Annotations:
D:2 Grinder


Innate Abilities, Weirdness & Mutations

You are completely covered in rugged brown scales. (AC +3, +7% HP)
Armour fits poorly on your strangely shaped body.
You have a long armoured tail.
You roll when moving toward enemies. (Rampage)
Your long tongue fully drains potion bottles. (2x potion effects)
Your tongue gives you trouble enunciating. (1.5x scroll delay)


Message History

There is a stone staircase leading up here.
There is a stone staircase leading down here.
You climb downwards.
Grinder shouts!
The endoplasm quivers.
There is a stone staircase leading up here.
Found 16 gold pieces.
You roll towards Grinder!
You closely miss Grinder.
An endoplasm comes into view.
Grinder completely misses you.
The endoplasm quivers.
You sock Grinder!
Your tail-slap misses Grinder.
Grinder is moderately wounded.
The endoplasm freezes you.
You are frozen.
Grinder hits you.
You writhe in agony.
You roll towards the endoplasm!
Grinder blinks!
There is a stone staircase leading up here.
You can't go down here!
The endoplasm freezes you.
You are frozen.
Grinder gestures at you. Pain shoots through your body!
You climb upwards.
There is a stone staircase leading down here.
You feel very mighty all of a sudden.
You slurp down every last drop of the potion of might!
The endoplasm freezes you.
You are frozen.
* * * LOW HITPOINT WARNING * * *
You block Grinder's attack.
You barely miss Grinder.
Grinder is moderately wounded.
The endoplasm barely misses you. Grinder hits you but does no damage.
You sock Grinder!
Grinder is heavily wounded.
The endoplasm hits you.
* * * LOW HITPOINT WARNING * * *
Grinder gestures at you. Pain shoots through your body!
You die...

#.# #.# #.# #.# #<#
#.# #.# #.# #.#
#.######## #.# #.#
#.###.# #........# #.#
#.# #.....# #.######.#
#.# #.# ####..# #.#
#.# #.# #.# #..# #.#
#.# #.# #.# #..# #.#
###.# #.# #.# #..# #.#
#...# #.#
#.#######@.#####.#
#.### #.#
#........J5##....# #.#
### #########.###.####
#.#
.###############.###.#
#.#
8)#...........#...##.#
#.#
...##########......#.#
#.# ......<..#
#.....(..#######.#
...#####.#
##.....#......##.####
8.## #.#
##...##.####........


You could see Grinder and an endoplasm.

Vanquished Creatures
  3 adders (D:2)
  5 bats (D:2)
  4 endoplasms
  3 giant cockroaches (D:1)
  6 goblins
  2 hobgoblins
  A quokka (D:2)
  5 ball pythons
  3 frilled lizards
  3 kobolds
  2 rats (D:2)
37 creatures vanquished.

Notes
Turn   | Place    | Note
-------+----------+-------------------------------------------
     0 | D:1      | Josd the Armataur Fighter began the quest for the Orb.
     0 | D:1      | Reached XP level 1. HP: 19/19 MP: 1/1
   155 | D:1      | Reached XP level 2. HP: 26/26 MP: 2/2
  1031 | D:2      | Reached XP level 3. HP: 20/33 MP: 3/3
  1032 | D:2      | Reached skill level 4 in Armour
  1870 | D:3      | Noticed Grinder
  1879 | D:2      | Killed from afar by Grinder

Illustrated notes

Levels and vault maps discovered:
D:1:      dpeg_arrival_shelter, layout_basic, roderic_roman_lattice
D:2:      layout_loops_ring, wad_floor_pattern_untrapped, minmay_tripent
D:3:      layout_rooms, makhleb_altar_promises_db, minmay_misc_feat_chi,
          uniq_grinder, uniq_sigmund

Skill      XL: |  1  2  3 |
---------------+----------+-----
Maces & Flails | 2 |  2.9
Fighting       | 3 |  3.0
Armour         | 4 |  4.3
Shields        | |  3.6

Action                     || total
---------------------------++-------
  Melee: Flail             ||    90
         Tailslap          ||    10
    Use: Potion            ||     1
 Armour: Scale mail        ||    56
  Dodge: Dodged            ||    31
  Block: Buckler           ||    22
